 Dungeon Crawl Stone Soup version 0.29-a0-284-gf9362112df (webtiles) character file.

Game seed: 13431469741658396443

10 Dvallin the Bolt Thrower (level 2, 22/22 HPs)
             Began as a Formicid Hunter on Mar 24, 2022.
             Was a Follower of Wu Jian.
             Quit the game on level 1 of the Dungeon.
             The game lasted 00:00:41 (372 turns).

Dvallin the Bolt Thrower (Formicid Hunter)           Turns: 372, Time: 00:00:41

Health: 22/22      AC:  3    Str: 15    XL:     2   Next: 30%
Magic:  2/2        EV: 11    Int:  8    God:    Wu Jian [*.....]
Gold:   26         SH:  0    Dex: 14    Spells: 1/1 levels left

rFire   . . .      SeeInvis +   a - +1 hand crossbow
rCold   . . .      Faith    .   (no shield)
rNeg    . . .      Spirit   .   b - +0 leather armour
rPois   .          Reflect  .   (helmet unavailable)
rElec   .          Harm     .   (no cloak)
rCorr   .          Rampage  .   (no gloves)
Will    .....                   (no boots)
Stlth   +.........              (no amulet)
HPRegen 0.07/turn               (no ring)
MPRegen 0.08/turn               (no ring)

@: no status effects
A: permanent stasis, dig shafts and tunnels, antennae 3, four strong arms
a: Dig, Shaft Self, Renounce Religion


You were on level 1 of the Dungeon.
You worshipped Wu Jian.
Wu Jian was aware of your devotion.
You visited 1 branch of the dungeon, and saw 1 of its levels.

You collected 26 gold pieces.

Inventory:

Hand Weapons
 a - a +1 hand crossbow (weapon)
Armour
 b - a +0 leather armour (worn)
Scrolls
 c - a scroll of immolation
 f - a scroll of magic mapping {unknown}
Potions
 d - a potion of resistance {unknown}
 e - a potion of attraction {unknown}


   Skills:
 - Level 2.1 Fighting
 + Level 4.5 Crossbows
 - Level 1.7 Dodging
 - Level 1.2 Stealth


You had one spell level left.
You didn't know any spells.
Your spell library contained the following spells:

 Spells                   Type           Power      Damage    Failure   Level
 Gell's Gravitas          Tloc           0%         N/A       85%         3
 Lesser Beckoning         Tloc           0%         N/A       85%         3
 Teleport Other           Tloc           0%         N/A       85%         3


Dungeon Overview and Level Annotations

Branches:
Dungeon (1/15)

Altars:
Wu Jian


Innate Abilities, Weirdness & Mutations

You cannot be hasted, slowed, berserked, paralysed or teleported.
You can dig through walls and to a lower floor.
You have a pair of large antennae on your head. (SInv)
Your four strong arms can wield two-handed weapons with a shield.


Message History

You shoot a bolt. The bolt hits the hobgoblin.
You kill the hobgoblin!
No target in view!
No target in view!
No target in view!
e - a fizzy amethyst potion You now have 26 gold pieces (gained 15).
You see here a +0 hunting sling.
You pick up a book of Displacement and begin reading...
You add the spells Lesser Beckoning, Gell's Gravitas and Teleport Other to your library.
Found a trident.
A rat comes into view.
You shoot a bolt. The bolt closely misses the rat.
You shoot a bolt. The bolt completely misses the rat.
You shoot a bolt. The bolt closely misses the rat.
The rat misses you.
You shoot a bolt. The bolt hits the rat!
You kill the rat!
No target in view!
No target in view!
Found a faded altar of an unknown god.
You sense a monster nearby.
A kobold comes into view. It is wielding a +0 club.
You see here a scroll labelled FYURE LASMOUTZ.
You shoot a bolt. The bolt hits the kobold.
You kill the kobold!
No target in view!
No target in view!
No target in view!
No target in view!
Found 29 stones and a scroll labelled CAQELU QUNUMO.
f - a scroll labelled FYURE LASMOUTZ
There is a faded altar of an unknown god here.
You cannot tell which god this altar belongs to.
Convert to them anyway?
Wu Jian accepts your prayer! The Council welcomes you!
You can now perform damaging attacks by moving towards foes.
You can now lightly attack monsters by moving around them.
Are you sure you want to abandon this character and quit the game? (Confirm with "yes".)
Okay, then.
Are you sure you want to abandon this character and quit the game? (Confirm with "yes".)

.. .?# ..# ##.# #
...... ..# #..(....
..###
#.###..###)..#####
#........@........
##........#.#.####
#.........#.#
#...##....#.# .
#####...........#
.##...^.#...#####...#
..#....##..## ###.#
#.#....##.## .#
#......##.# #


There were no monsters in sight!

Vanquished Creatures
  A bat (D:1)
  An endoplasm (D:1)
  3 hobgoblins (D:1)
  A kobold (D:1)
  2 frilled lizards (D:1)
  A rat (D:1)
9 creatures vanquished.

Notes
Turn   | Place    | Note
-------+----------+-------------------------------------------
     0 | D:1      | Dvallin the Formicid Hunter began the quest for the Orb.
     0 | D:1      | Reached XP level 1. HP: 16/16 MP: 1/1
   281 | D:1      | Reached XP level 2. HP: 22/22 MP: 2/2
   350 | D:1      | Found a faded altar of an unknown god.
   371 | D:1      | Prayed at the altar of an unknown god.
   371 | D:1      | Became a worshipper of the Wu Jian Council
   371 | D:1      | Reached * piety under Wu Jian
   372 | D:1      | Quit the game

Illustrated notes

Levels and vault maps discovered:
D:1:      saegor_arrival_simple_d, layout_basic,
          hellmonk_ecumenical_altar_lost_god, serial_shops, shop,
          nicolae_shop_window_shopping, shop, shop_fountains, shop,
          hangedman_decor_riveting

Action                   || total
-------------------------++-------
 Fire: Hand crossbow     ||    29
 Abil: Dig               ||     1
Armor: Leather armour    ||     2
Dodge: Dodged            ||    10

Table legend: (Time is in decaauts)
 A = Elapsed time spent in this place.
 B = Non-inter-level travel time spent in this place.
 C = Inter-level travel time spent in this place.
 D = Time resting spent in this place.
 E = Time spent auto-exploring this place.
 F = Levels seen in this place.
 G = Mean time per level.
                   A        B        C        D        E       F      G
               +--------+--------+--------+--------+--------+-----+--------+
         Total |    382 |    382 |      0 |      0 |    318 |   1 |  382.0 |
       Dungeon |    382 |    382 |      0 |      0 |    318 |   1 |  382.0 |
               +--------+--------+--------+--------+--------+-----+--------+

Top non-repeatable levels by time:
     D:1: 382 daAuts
